 Dungeon Crawl Stone Soup version 0.29-a0-418-gc0181ea820 (webtiles) character file.

Game seed: 8251574101702198043

311 hquester the Skirmisher (level 6, -5/47 HPs)
             Began as a Demonspawn Abyssal Knight on May 17, 2022.
             Was an Elder of Lugonu.
             Killed from afar by Ijyb (23 damage)
             ... with a bolt of acid
             ... on level 4 of the Dungeon.
             The game lasted 00:13:50 (4089 turns).

hquester the Skirmisher (Demonspawn Abyssal Knight) Turns: 4089, Time: 00:13:51

Health: -5/47      AC:  7    Str: 14    XL:     6   Next: 18%
Magic:  8/8        EV:  9    Int: 11    God:    Lugonu [****..]
Gold:   236        SH:  5    Dex: 15    Spells: 8/8 levels left

rFire   . . .      SeeInvis +   n - +1 dagger (flame)
rCold   + . .      Faith    .   (no shield)
rNeg    . . .      Spirit   .   r - +1 scale mail {rC+}
rPois   .          Reflect  +   (helmet restricted)
rElec   .          Harm     .   (no cloak)
rCorr   .          Rampage  .   (no gloves)
Will    .....                   (no boots)
Stlth   +.........              k - amulet of reflection
HPRegen 0.15/turn               f - ring of see invisible
MPRegen 0.11/turn               (no ring)

@: no status effects
A: horns 1, demonic guardian 1, demonic touch 1
a: Renounce Religion, Depart the Abyss, Bend Space, Banish, Corrupt


You were on level 4 of the Dungeon.
You worshipped Lugonu.
Lugonu was greatly pleased with you.
You visited 1 branch of the dungeon, and saw 4 of its levels.
You visited the Abyss 1 time.

You collected 236 gold pieces.

Inventory:

Hand Weapons
 a - a +1 short sword
 n - a +1 dagger of flaming (weapon)
Armour
 b - a +0 leather armour
 c - a +0 ring mail
 r - a +1 scale mail of cold resistance (worn)
Jewellery
 d - a ring of fire
 f - a ring of see invisible (left hand)
 k - an amulet of reflection (around neck)
Scrolls
 e - a scroll of fog
 l - a scroll of blinking {unknown}
 p - a scroll of amnesia {unknown}
 s - a scroll of poison {unknown}
Potions
 g - a potion of brilliance
 h - 2 potions of attraction
 i - a potion of magic {unknown}
 j - a potion of curing
 m - a potion of invisibility
 o - 3 potions of resistance
 q - a potion of mutation {unknown}
 t - a potion of heal wounds {unknown}


   Skills:
 + Level 3.6 Fighting
 + Level 2.7 Short Blades
 + Level 2.6 Armour
 + Level 1.9 Dodging
 + Level 1.6 Stealth
 + Level 1.2 Shields
 + Level 1.7 Spellcasting
 + Level 1.6 Necromancy
 + Level 3.5 Invocations


You had 8 spell levels left.
You didn't know any spells.
Your spell library contained the following spells:

 Spells                   Type           Power      Damage    Failure   Level
 Slow                     Hex            0%         N/A       77%         1
 Vampiric Draining        Necr           4%         2d6       88%         3
 Confusing Touch          Hex            0%         N/A       98%         3
 Fireball                 Conj/Fire      0%         3d3       100%        5
 Iskenderun's Battlesphe  Conj           0%         2d6       100%        5
 Conjure Ball Lightning   Conj/Air       0%         3x3d6     100%        6
 Orb of Destruction       Conj           0%         9d5       100%        7


Dungeon Overview and Level Annotations

Branches:
Dungeon (4/15)
 Temple: D:4-7

Altars:
Zin

Annotations:
D:4 Ijyb


Innate Abilities, Weirdness & Mutations

You have a pair of small horns on your head.
A weak demonic guardian rushes to your aid.
Your touch may inflict minor irresistible damage on your foes.


Message History

Your hearing returns.
There is a stone staircase leading down, spattered with blood here.
You see here a +0 hand axe.
You climb downwards.
The goblin shouts!
Found a metallic orange potion.
Found an escape hatch in the floor.
There is a stone staircase leading up here.
A goblin is nearby!
You hit the goblin. You burn the goblin.
You kill the goblin!
Lugonu accepts your kill.
You see here a +0 dagger.
i - a metallic orange potion Key pressed, stopping explore.
Ijyb the Twisted Goblin comes into view.
She is wielding a +0 dagger and carrying a wand of acid (12).
Ijyb shouts!
Ijyb hits you with a +0 dagger.
You hit Ijyb but do no damage. Ijyb hits you but does no damage.
You closely miss Ijyb. You headbutt Ijyb.
You touch Ijyb.
Ijyb is heavily wounded.
Ijyb zaps a wand.
The bolt of acid hits you!!
Ouch! That really hurt!
* * * LOW HITPOINT WARNING * * *
A demonic guardian appears!
The bolt of acid hits your iron imp!!! The acid corrodes your iron imp!
Your iron imp dies!
Your iron imp disappears in a puff of smoke!
You hit Ijyb but do no damage.
Ijyb is heavily wounded.
Ijyb hits you but does no damage.
You feel better. Ijyb barely misses you.
You hit Ijyb. You burn Ijyb. Your touch misses Ijyb.
Ijyb is heavily wounded.
You hit Ijyb but do no damage.
Ijyb is heavily wounded.
You block Ijyb's attack.
You hit Ijyb. You burn Ijyb.
Ijyb is severely wounded.
Ijyb zaps a wand.
The bolt of acid hits you!!
You die...

#.#.#.###.........
#.#.#.###.........
#...............<.
#.................
#........>........
#.#.#.###....)....
#.#.#.# #.........
#.#.#.# #.........
#@#.#.# #.........
#g#.#.............
#.#.####..........
#.#.# #.#########
#.### #. #.. #..
#.#


You could see Ijyb.

Vanquished Creatures
  A black bear (D:3)
  Terence (D:3)
  Robin (D:2)
  6 adders
  2 worms (D:2)
  5 dart slugs
  7 orcs
  6 bats
  8 endoplasms
  A giant cockroach (D:3)
  22 goblins
  13 hobgoblins
  6 kobolds
  4 quokkas
  6 ball pythons
  7 frilled lizards
  6 rats
102 creatures vanquished.

Vanquished Creatures (others)
  4 plants (D:3)
4 creatures vanquished.

Grand Total: 106 creatures vanquished

Notes
Turn   | Place    | Note
-------+----------+-------------------------------------------
     0 | Abyss:1  | hquester the Demonspawn Abyssal Knight began the quest for
                  | the Orb.
     0 | Abyss:1  | Reached XP level 1. HP: 18/18 MP: 2/2
     7 | Abyss:1  | Found a corrupted altar of Lugonu.
    14 | D:1      | Escaped the Abyss
    81 | D:1      | Reached skill level 1 in Dodging
   359 | D:1      | Discovered your monstrous ancestry.
   359 | D:1      | Gained mutation: Your touch may inflict minor irresistible
                  | damage on your foes. [demonic ancestry]
   359 | D:1      | Reached XP level 2. HP: 20/24 MP: 3/3
   813 | D:1      | Gained mutation: You have a pair of small horns on your
                  | head. [demonic ancestry]
   813 | D:1      | Reached XP level 3. HP: 29/29 MP: 5/5
  1025 | D:2      | Reached *** piety under Lugonu
  1515 | D:2      | Reached skill level 1 in Stealth
  1581 | D:2      | Gained mutation: A weak demonic guardian rushes to your
                  | aid. [demonic ancestry]
  1581 | D:2      | Reached XP level 4. HP: 31/35 MP: 6/6
  1682 | D:2      | Reached skill level 1 in Necromancy
  1849 | D:2      | Found a faded altar of an unknown god.
  1891 | D:2      | Noticed Robin
  2122 | D:2      | Killed Robin
  2398 | D:2      | Reached skill level 1 in Spellcasting
  2518 | D:2      | Reached **** piety under Lugonu
  2617 | D:2      | You fall into a shaft and drop 2 floors!
  2665 | D:3      | Reached XP level 5. HP: 41/41 MP: 7/7
  2926 | D:3      | Noticed Terence
  2940 | D:3      | Killed Terence
  3426 | D:3      | Reached skill level 1 in Shields
  3711 | D:3      | Noticed a black bear
  3718 | D:3      | Killed a black bear
  3719 | D:3      | Reached XP level 6. HP: 25/47 MP: 8/8
  4079 | D:4      | Noticed Ijyb
  4089 | D:4      | Killed from afar by Ijyb

Illustrated notes

Levels and vault maps discovered:
D:1:      dpeg_arrival_tiny_f, layout_loops_ring
D:2:      minmay_razor_zed, layout_loops_cross, basic_altar,
          shapermc_ecumenical_altar_pompeii, minmay_misc_feat_doors,
          minmay_misc_feat_diagonals, minmay_unequal, uniq_robin
D:3:      layout_loops_cross, serial_bayou_pond_b, guppyfry_early_orc_mine,
          uniq_terence
D:4:      layout_basic, uniq_ijyb

Skill      XL: |  1  2  3  4  5 |
---------------+----------------+-----
Dodging        | 1 |  1.9
Armour         | 2 |  2.6
Short Blades   | 2 |  2.7
Stealth        | 1 |  1.6
Necromancy     | 1 |  1.6
Invocations    | 3 |  3.5
Spellcasting   | 1 |  1.7
Shields        | 1 |  1.2
Fighting       | |  3.6

Action                   |  1- 3 |  4- 6 || total
-------------------------+-------+-------++-------
Melee: Short sword       |    87 |    50 ||   137
       Touch             |    13 |    26 ||    39
       Headbutt          |     4 |    31 ||    35
       Punch             |     1 |     2 ||     3
       Dagger            |       |   119 ||   119
  Use: Scroll            |       |     8 ||     8
       Potion            |       |     1 ||     1
Armor: Ring mail         |    27 |    25 ||    52
       Leather armour    |     3 |       ||     3
       Scale mail        |       |    26 ||    26
Dodge: Dodged            |    45 |    47 ||    92
Block: Other             |     3 |    31 ||    34
       Reflection        |       |     2 ||     2

Table legend: (Time is in decaauts)
 A = Elapsed time spent in this place.
 B = Non-inter-level travel time spent in this place.
 C = Inter-level travel time spent in this place.
 D = Time resting spent in this place.
 E = Time spent auto-exploring this place.
 F = Levels seen in this place.
 G = Mean time per level.
                   A        B        C        D        E       F      G
               +--------+--------+--------+--------+--------+-----+--------+
         Total |   4075 |   4010 |     65 |    418 |   2869 |   5 |  815.0 |
       Dungeon |   4061 |   3996 |     65 |    418 |   2864 |   4 | 1015.2 |
         Abyss |     14 |     14 |      0 |      0 |      5 |   1 |   14.0 |
               +--------+--------+--------+--------+--------+-----+--------+

Top non-repeatable levels by time:
     D:2: 1693 daAuts
     D:3: 1186 daAuts
     D:1: 1118 daAuts
     D:4: 62 daAuts
 Abyss:1: 14 daAuts
